Workbook

Sheet Infos client
B2: FICHE CLIENT
C3: Date de la visite : | D3: 43735 | F3: MR
C4: Numero de visite | D4: 1 | F4: MME
C5: Date de Facturation | D5: 43746
C7: Titre | D7: MR
C8: Nom | D8: TROTTIER
C9: Prenom | D9: Olivier
C10: Adresse | D10: 54 rue de la folatiere
C11: Code postal | D11: 01300
C12: Ville | D12: Virignin
C13: Téléphone | D13: 689078691
C14: Email | D14: Olivier.trottier73@gmail.com
C16: Surface à souffler (en M²) | D16: 95
C17: PU Vente (le M²) | D17: 9.48
C18: Informations particulieres

Sheet Devis
C1: ="DEVIS "&'Infos client'!D8&" SUITE VISITE TECHNIQUE DU:" -> DEVIS TROTTIER SUITE VISITE TECHNIQUE DU:
C2: ='Infos client'!D3 -> 43735
A4: LOGIC ENERGY | C4: ='Infos client'!D7&" "&'Infos client'!D8&" "&'Infos client'!D9 -> MR TROTTIER Olivier
A5: 14 Rue des frères Gardise | C5: ='Infos client'!D10 -> 54 rue de la folatiere
A6: 63200 MÉNÉTROL | C6: ='Infos client'!D11&" "&'Infos client'!D12 -> 01300 Virignin
A7: Port. : +33 6 62 49 43 27 | C7: ="Portable: 0" &'Infos client'!D13 -> Portable: 0689078691
A8: contact@logic-energy.fr | C8: ="Mail: "&'Infos client'!D14 -> Mail: Olivier.trottier73@gmail.com
A9: www.logic-energy.fr
A10: N° SIRET: 85226663400017
A11: ="Devis édité le "&(TEXT('Infos client'!D3,"jj/mm/aaaa")) -> Devis édité le 27/09/2019
A12: Devis N° | B12: ="ADT "&(TEXT('Infos client'!D3,"jjmmaaaa")&-'Infos client'!D4) -> ADT 27092019-1
A14: Référence | B14: Désignation | C14: Quantité | D14: PU Vente | E14: TVA | F14: Montant HT
A15: 101 | B15: Mise en place d'une isolation thermique en combles perdus Fourniture et pose de laine de verre à souffler KNAUF SUPA-FIL LOFT R=7 m²K/W selon la norme NF EN 12667 Epaisseur soufﬂée avant tassement 320mm | C15: ='Infos client'!D16 -> 95 | D15: ='Infos client'!D17 -> 9.48 | E15: 0.055 | F15: =C15*D15 -> 900.6
A16: SOUS TOTAL HT | F16: =SUM(F15) -> 900.6
A17: TVA | F17: =F16*E15 -> 49.533
A18: SOUS TOTAL TTC | F18: =(F16*E15)+F16 -> 950.133
A19: 300 | B19: Prime versée sous forme de remise ﬁnancée par GEO FRANCE FINANCE dans Ie cadre du dispositif des Certiﬁcats d‘Economie d'Energie | C19: -1 | F19: =F18-(2*F18) -> -950.133
A20: TOTAL TTC | F20: =F18+F19 -> 0
A22: Fait le ........./........./............. à ......................................... .
A23: Signature précédée de la mention "Bon pour accord“
A29: Conditions de paiement : Paiement au comptant
A30: En signant je déclare avoir été informé de l'offre d'lsolation des combles perdus en laine de verre à soufﬂer gratuite sans conditions de revenu accessible sur www.mescomblesgratuits.fr. Toute modiﬁcation (procédé. produit. destination. etc...) donne lieu à un reste à charge déterminé dans le devis/facture payé par le client.

Sheet Facture
C1: ="FACTURE "&'Infos client'!D8&" SUIVANT DEVIS N° : " -> FACTURE TROTTIER SUIVANT DEVIS N° :
C2: =Devis!B12 -> ADT 27092019-1
A4: LOGIC ENERGY | C4: ='Infos client'!D7&" "&'Infos client'!D8&" "&'Infos client'!D9 -> MR TROTTIER Olivier
A5: 14 Rue des frères Gardise | C5: ='Infos client'!D10 -> 54 rue de la folatiere
A6: 63200 MÉNÉTROL | C6: ='Infos client'!D11&" "&'Infos client'!D12 -> 01300 Virignin
A7: Port. : +33 6 62 49 43 27 | C7: ="Portable: 0" &'Infos client'!D13 -> Portable: 0689078691
A8: contact@logic-energy.fr | C8: ="Mail: "&'Infos client'!D14 -> Mail: Olivier.trottier73@gmail.com
A9: www.logic-energy.fr
A10: N° SIRET: 85226663400017
A11: ="Facture éditée le "&(TEXT('Infos client'!D5,"jj/mm/aaaa"))&" suite visite technique du "&(TEXT('Infos client'!D3,"jj/mm/aaa")) -> Facture éditée le 08/10/2019 suite visite technique du 27/09/2019
A12: Facture N° | B12: ="ADT "&(TEXT('Infos client'!D5,"jjmmaaaa")&-'Infos client'!D4) -> ADT 08102019-1
A14: Référence | B14: Désignation | C14: Quantité | D14: PU Vente | E14: TVA | F14: Montant HT
A15: 101 | B15: Mise en place d'une isolation thermique en combles perdus Fourniture et pose de laine de verre à souffler KNAUF SUPA-FIL LOFT R=7 m²K/W selon la norme NF EN 12667 Epaisseur soufﬂée avant tassement 320mm | C15: ='Infos client'!D16 -> 95 | D15: ='Infos client'!D17 -> 9.48 | E15: 0.055 | F15: =C15*D15 -> 900.6
A16: SOUS TOTAL HT | F16: =SUM(F15) -> 900.6
A17: TVA | F17: =F16*E15 -> 49.533
A18: SOUS TOTAL TTC | F18: =(F16*E15)+F16 -> 950.133
A19: 300 | B19: Prime versée sous forme de remise ﬁnancée par GEO FRANCE FINANCE dans Ie cadre du dispositif des Certiﬁcats d‘Economie d'Energie | C19: -1 | F19: =F18-(2*F18) -> -950.133
A20: TOTAL TTC | F20: =F18+F19 -> 0
